[Event "DFMM-LV 2023"]
[Site "Braunfels"]
[Date "2023.06.09"]
[Round "2.19"]
[White "Lukas, Anne"]
[Black "Ter-Avetisjana, Agnesa Stepania"]
[Result "0-1"]
[Annotator "TA"]
[ECO "A07"]
[WhiteElo "2057"]
[BlackElo "1988"]
[PlyCount "72"]
[EventDate "2023.06.09"]
[EventType "team-tourn"]
[EventCountry "GER"]
[SourceTitle "playchess.com"]
[Source "ChessBase"]
[SourceQuality "1"]
[TimeControl "40/5400+30:1800+30"]

1. Nf3 d5 2. g3 Nf6 3. Bg2 c6 4. O-O Bf5 5. d3 e6 6. Nfd2 h6 {[%emt 0:00:28] A07: Réti Opening: New York and Capablanca Systems.} 7. e4 dxe4 8. dxe4 Bh7 {[%emt 0:02:44] The position is equal.} 9. Nc3 Nbd7 10. Kh1 Be7 11. Qe2 O-O 12. f4 {[%emt 0:00:36] [#]} Re8 $146 ({Predecessor:} 12... b5 13. g4 Nb6 14. h4 Nfd7 15. g5 b4 16. Nd1 Nc5 17. Nf2 hxg5 18. hxg5 f6 19. gxf6 Bxf6 {0-1 Sinitsina,A (2228)-Kozlov,G (2374) Titled Tuesday intern op 01st Mar Early blitz 2022 (3)}) 13. g4 Nf8 14. Qf3 Ng6 15. g5 hxg5 16. fxg5 Ne5 (16... Nd7 $11 {might be stronger.}) 17. Qg3 $1 $14 Nfd7 18. Nf3 Qa5 19. Bf4 Nc4 $36 {[%emt 0:11:35][%mdl 2048] Black has good play.} 20. Bc1 Bd6 21. Qh4 Nde5 {[%emt 0:09:01] Black has more active pieces.} 22. Nxe5 Bxe5 23. Rf3 {[%emt 0:01:42] Threatens to win with Rh3.} Bg6 $1 {[%emt 0:00:40] White must now prevent ...Rad8.} (23... Bxc3 24. Rh3 Rad8 25. Bf4 (25. bxc3 $2 Rd1+ $19) (25. Qxh7+ Kf8 $16) 25... Nxb2 26. Qxh7+ Kf8 27. Rf1 $18) 24. Ne2 {[%emt 0:01:31] [#]} ({Much weaker is} 24. Rh3 Kf8 25. Qf2 Rad8 $17) (24. Bf1 $1 $11 {remains equal.} Qc5 25. Rb1 (25. Rh3 Kf8 $17)) 24... Rad8 $1 $17 {[%emt 0:04:24] Hoping for ...Rd1+.} (24... Bxb2 $2 25. Bxb2 Nxb2 26. Rh3 $18) 25. Bf4 Bxe4 26. Rh3 Bxg2+ 27. Kxg2 Qd5+ (27... Bxb2 $2 28. Qh8#) 28. Kf2 (28. Kg1 $17 {was the only chance.} Kf8 29. Bxe5 Nxe5 30. Qf2 (30. Qh8+ $2 Ke7 $19)) 28... Kf8 $19 (28... Bxb2 $2 29. Qh8#) 29. Bxe5 Nxe5 30. Qh8+ $2 (30. Qb4+ Kg8 31. Re1) 30... Ke7 31. Qxg7 Ng4+ ({Not} 31... Qc5+ 32. Ke1 $17) 32. Kg3 Rg8 {[%emt 0:00:59][%cal Be8g8,Bg8g5,Bg5f5][%mdl 96] [#] Skewer, Deflection} 33. Qc3 Rxg5 {[%emt 0:00:59] Black mates.} 34. Rg1 Nf6+ 35. Kf4 Rf5+ 36. Ke3 Qe4# {[%emt 0:00:08] A cool game by Ter-Avetisjana.   Weighted Error Value: White=0.70/Black=0.06 (flawless)} 0-1

[Event "DFMM-LV 2023"]
[Site "Braunfels"]
[Date "2023.06.09"]
[Round "2.21"]
[White "Frank, Michelle Viviane"]
[Black "Safonova, Valeria"]
[Result "1/2-1/2"]
[Annotator "NA RC COMBH"]
[ECO "B90"]
[WhiteElo "1857"]
[BlackElo "1753"]
[PlyCount "94"]
[EventDate "2023.06.09"]
[EventType "team-tourn"]
[EventCountry "GER"]
[SourceTitle "playchess.com"]
[Source "ChessBase"]
[SourceQuality "1"]
[TimeControl "40/5400+30:1800+30"]

1. e4 c5 2. Nc3 d6 3. Nge2 a6 4. d4 cxd4 5. Nxd4 Nf6 6. h3 b5 7. Bd3 Bb7 8. O-O b4 9. Nd5 Nxd5 10. exd5 Bxd5 11. Qh5 e5 12. Re1 Be7 13. Nf5 Bf6 14. Ng3 g6 15. Qh6 Qe7 16. Ne4 Bxe4 17. Bxe4 Ra7 18. Be3 Rd7 19. Bd5 Qf8 20. Qxf8+ Kxf8 21. Bd2 a5 22. a3 Na6 23. Bc4 Nc5 24. axb4 axb4 25. Bxb4 Kg7 26. Rad1 Rhd8 27. Bb5 Rb7 28. c4 Be7 29. Bxc5 dxc5 30. Rxd8 Bxd8 31. Rxe5 Bf6 32. Rxc5 Bxb2 33. Rd5 Re7 34. Kf1 Bc3 35. Rd1 Bb4 36. g3 Re5 37. Kg2 Re2 38. Kf3 Rc2 39. Rf1 Bc5 40. Kg2 f5 41. g4 Kf6 42. gxf5 Kxf5 43. Kg3 g5 44. Bd7+ Kf6 45. Bb5 Kf5 46. Bd7+ Kf6 47. Bb5 Kf5 1/2-1/2

[Event "DFMM-LV 2023"]
[Site "Braunfels"]
[Date "2023.06.09"]
[Round "2.22"]
[White "Hartung, Katja"]
[Black "Froehlich-Dill, Astrid"]
[Result "1-0"]
[Annotator "TA"]
[ECO "C01"]
[WhiteElo "1944"]
[BlackElo "1762"]
[PlyCount "79"]
[EventDate "2023.06.09"]
[EventType "team-tourn"]
[EventCountry "GER"]
[SourceTitle "playchess.com"]
[Source "ChessBase"]
[SourceQuality "1"]
[TimeControl "40/5400+30:1800+30"]

1. e4 e6 2. d4 b6 3. Be3 Nf6 4. Nd2 Bb7 5. Bd3 c5 6. c3 {[%emt 0:01:49] C01: French: Exchange Variation.} Nc6 7. Rc1 cxd4 8. cxd4 {[%emt 0:00:49] White is slightly better.} Nb4 9. Bb1 Ba6 {[%emt 0:02:37] [#]} 10. Bg5 $146 ({Predecessor:} 10. Ndf3 Rc8 11. Ne2 Rxc1 12. Bxc1 d5 13. Ne5 dxe4 14. a3 Nd3+ 15. Bxd3 Bxd3 16. Nxd3 exd3 17. Qxd3 {0-1 Oskam,G-Maroczy,G Utrecht 1920 (2)}) 10... Rc8 11. Nb3 Rxc1 12. Nxc1 Be7 13. a3 Nc6 14. Nge2 h6 15. Bf4 Nh5 16. Be3 Na5 17. Nd3 (17. Nc3 $5 g6 18. Bd3 $16) 17... Nc4 18. Bc1 Qc8 19. O-O g6 20. Re1 Nf6 (20... Bb7 $142) 21. f3 (21. Nb4 $142) 21... g5 (21... h5 $142) 22. Nc3 (22. Nb4 $16) 22... O-O $2 (22... Nxa3 $1 $11 23. bxa3 (23. Ba2 Nb5 $11) 23... Qxc3) 23. Qc2 {[%emt 0:03:47] Black must now prevent e5.} Ne8 (23... e5 $16) 24. e5 $18 {[%emt 0:00:43][%cal Od3f4] Hoping for Nf4!} f5 {[%emt 0:00:54] [#]} 25. exf6 $1 Nxf6 26. Nb4 Rf7 27. Qg6+ $2 (27. Nxa6 $18 Qxa6 28. d5 (28. Qg6+ Rg7 $18)) 27... Rg7 $11 28. Qxh6 {[%emt 0:00:25] aiming for Nxa6.} Nh7 $2 ({Black should try} 28... Nxa3 $14 29. Bxg5 (29. bxa3 $2 {too greedy.} Qxc3 30. Kf2 Bb5 $19) 29... Nxb1 30. Bxf6 (30. Rxb1 Rh7 $11) 30... Bxf6 31. Qxf6 Nxc3) 29. Nxa6 $18 Qxa6 30. d5 (30. Bxh7+ $142 Rxh7 31. Qg6+ Rg7 32. Qe8+ Bf8 33. Ne4) 30... Bc5+ $2 {[%emt 0:00:55] Black is weak on the light squares} (30... Nf8 31. dxe6 dxe6) 31. Kh1 {[%emt 0:00:15] White is clearly winning.} e5 32. Bxh7+ Rxh7 33. Qxg5+ Rg7 34. Qd8+ Bf8 35. Ne4 {[%emt 0:00:22] [#] Nf6+ is the strong threat.} Rf7 36. Bh6 {[%emt 0:02:34] Bxf8 would be deadly.} Qa5 37. b4 {[%emt 0:00:47] Threatening mate with Bxf8.} Qxd5 38. Bxf8 Rxf8 39. Nf6+ Kf7 40. Qxf8+ {[%emt 0:00:08] Weighted Error Value: White=0.49/Black=0.51} ({Not} 40. Qxd7+ Qxd7 41. Nxd7 Rd8 42. Nxe5+ (42. Rd1 $2 Ke7 $19) 42... Nxe5 $15) 1-0

[Event "DFMM-LV 2023"]
[Site "Braunfels"]
[Date "2023.06.09"]
[Round "2.23"]
[White "von Beckh, Frieda"]
[Black "Pflug, Tanja"]
[Result "1/2-1/2"]
[Annotator "TA"]
[ECO "C12"]
[WhiteElo "1672"]
[BlackElo "1994"]
[PlyCount "70"]
[EventDate "2023.06.09"]
[EventType "team-tourn"]
[EventCountry "GER"]
[SourceTitle "playchess.com"]
[Source "ChessBase"]
[SourceQuality "1"]
[TimeControl "40/5400+30:1800+30"]

1. e4 e6 2. d4 d5 3. Nc3 Nf6 4. Bg5 Bb4 5. e5 h6 6. exf6 hxg5 7. fxg7 Rg8 8. h4 gxh4 9. Qh5 Qf6 10. Rxh4 Qxg7 11. Nf3 {[%emt 0:01:31] C12: French: Classical System: McCutcheon Variation.} c5 {[%emt 0:09:35] [#]} (11... Nc6 $142) 12. Ne5 $146 (12. O-O-O $11 c4 13. Nb5) ({Predecessor:} 12. a3 Ba5 13. Ne5 cxd4 14. Rxd4 Qf6 15. g3 Rg5 16. Bb5+ Ke7 17. Qxf7+ Qxf7 18. Nxf7 Kxf7 {0-1 Rajic,I (2013)-Sedlak,I (2095) Subotica Autumn op 2012 (3)}) 12... cxd4 $15 13. Rxd4 {[%emt 0:10:02] Black is slightly better.} Bxc3+ 14. bxc3 Nc6 (14... Rh8 $11 15. Qe2 (15. Bb5+ $2 Bd7 $19) 15... Nc6 16. Nxc6 bxc6) 15. Rg4 $14 Qf8 {[%emt 0:01:13] [#]} 16. Nxf7 $1 {[%emt 0:01:31] Threatens to win with Rxg8. White is much more active.} Rxg4 17. Ne5+ Kd8 18. Qxg4 Qf6 {[%emt 0:08:27] [#]} ({Better is} 18... Nxe5 19. Qg5+ Kc7 20. Qxe5+ Qd6 21. Qxd6+ Kxd6) 19. Qg5 $3 Qxg5 20. Nf7+ Ke7 21. Nxg5 e5 22. Rd1 Kf6 23. Nf3 Be6 24. Nd2 Bf5 25. Nb3 Rd8 ({Resist} 25... Bxc2 26. Rxd5 Bf5 27. Rd6+ Ke7 28. Rh6 $16) (25... Ne7 $5 ) 26. Bd3 Bc8 27. f3 b6 28. Bb5 (28. c4 $16) 28... Bb7 29. c4 ({White should play} 29. Bxc6 $14 Bxc6 30. c4) 29... Nb4 $11 30. c3 Nxa2 31. Rd3 (31. Ra1 $11 Nxc3 32. Rxa7) 31... a6 32. Ba4 Rg8 (32... Rc8 $15 33. cxd5 Rxc3 34. Rxc3 {[%mdl 64] Remove Defender} Nxc3) 33. cxd5 $14 b5 (33... Rxg2 $14 34. Bc6 Rg7) 34. Nc5 $1 $16 Bxd5 (34... Rxg2 $2 35. Nxb7 e4 36. fxe4 $18) 35. Rxd5 bxa4 {[%emt 0:00:30] An interesting game.   Weighted Error Value: White=0.29 (precise) /Black=0.29 (precise)} 1/2-1/2

[Event "DFMM-LV 2023"]
[Site "Braunfels"]
[Date "2023.06.09"]
[Round "2.24"]
[White "Eue, Vicky"]
[Black "Kaulfuss, Christa"]
[Result "1-0"]
[Annotator "NA RC COMBH"]
[ECO "B00"]
[WhiteElo "1682"]
[BlackElo "1714"]
[PlyCount "55"]
[EventDate "2023.06.09"]
[EventType "team-tourn"]
[EventCountry "GER"]
[SourceTitle "playchess.com"]
[Source "ChessBase"]
[SourceQuality "1"]
[TimeControl "40/5400+30:1800+30"]

1. e4 Nc6 2. d4 e5 3. d5 Nce7 4. d6 Ng6 5. dxc7 Qxc7 6. Nc3 Bb4 7. Bd2 Nf6 8. Nb5 Bxd2+ 9. Qxd2 Qb6 10. Nd6+ Ke7 11. O-O-O Rd8 12. f3 Ne8 13. Nf5+ Kf8 14. Bc4 d6 15. Ne3 Nc7 16. Bb3 Nb5 17. Ne2 Be6 18. Nd5 Qc5 19. a4 Nc7 20. Kb1 Rac8 21. f4 Nxf4 22. Nexf4 exf4 23. Qxf4 Kg8 24. Ne7+ Kh8 25. Nxc8 Rxc8 26. Qxd6 Qg5 27. h4 Ne8 28. Qf8# 1-0

[Event "DFMM-LV 2023"]
[Site "Braunfels"]
[Date "2023.06.09"]
[Round "2.26"]
[White "Stangl, Anita"]
[Black "Mader, Lena"]
[Result "1/2-1/2"]
[Annotator "TA"]
[ECO "B12"]
[WhiteElo "2009"]
[BlackElo "1778"]
[PlyCount "90"]
[EventDate "2023.06.09"]
[EventType "team-tourn"]
[EventCountry "GER"]
[SourceTitle "playchess.com"]
[Source "ChessBase"]
[SourceQuality "1"]
[TimeControl "40/5400+30:1800+30"]

1. e4 c6 2. d4 d5 3. e5 Bf5 4. g4 Bd7 5. f4 e6 6. Be3 {[%emt 0:13:26] [#] B12: Caro-Kann: Advance Variation.} (6. Nf3 c5 7. c3 Nc6 8. Bg2 cxd4 9. cxd4 Nge7 10. O-O Nc8 11. Nc3 Be7 12. a3 O-O 13. Qd3 {1-0 Stangl,A (2005)-Mader,L (1807) GER-ch Blitz (Women) 2021 (1)}) 6... Qc7 $146 (6... Qb6 $11) ({Predecessor:} 6... h5 7. g5 Ne7 8. Nd2 c5 9. Ngf3 Nf5 10. Bf2 Qb6 11. Bd3 Bb5 12. Bxb5+ Qxb5 13. Qe2 Qxe2+ 14. Kxe2 cxd4 {½-½ Groszpeter,A (2441)-Borocz,I (2362) HUN-chT 1718 2017 (1.8)}) 7. Nf3 c5 8. c3 {[%emt 0:00:11] White is slightly better.} cxd4 9. Nxd4 Nc6 10. Nd2 Nxd4 11. Bxd4 Ne7 12. Be2 Nc6 13. Be3 b6 ({Black should try} 13... g5 $1 $15) 14. Nf3 Bc5 15. Nd4 a6 (15... O-O $5 ) 16. O-O O-O 17. Rf3 (17. Bd3 $14) 17... f6 $11 18. exf6 Rxf6 19. g5 Rff8 20. Qd2 e5 21. Nb3 (21. Nxc6 $11 {and White stays safe.} Bxc6 22. fxe5) 21... Bxe3+ $19 {[%emt 0:03:08][%mdl 64] [#] Deflection} 22. Rxe3 exf4 23. Qxd5+ Kh8 24. Rd3 Ne5 25. Rd2 $2 (25. Qd6 Qxd6 26. Rxd6) 25... f3 26. Bd1 Bc6 27. Qe6 Rae8 28. Qh3 Nc4 (28... f2+ $142 29. Rxf2 Rxf2) 29. Bc2 {[%emt 0:00:37][%csl Gc2][%cal Rh3h7] [#]} g6 30. Rf2 Qf4 31. Nd4 Qxg5+ 32. Kh1 $2 (32. Qg3 Qf6 33. Nxc6 Qxc6 34. Qh4) 32... Qf6 $2 (32... Re2 33. Rg1 Qg2+ {[%mdl 64] X-Ray Attack} 34. Rfxg2 fxg2+ 35. Qxg2 Rxg2) 33. Rg1 Rg8 ({And not} 33... Nxb2 34. Nxc6 (34. Rxg6 Re1+ 35. Rg1 Rxg1+ 36. Kxg1 Qg5+ 37. Kh1 Qc1+ 38. Rf1 Qxc2 $17) (34. Bxg6 Qxg6 35. Rxg6 Nd1 $17) 34... Qxc6 35. Bxg6 $15 (35. Rxg6 Qc7 $17)) (33... Kg7 $19 34. Nf5+ Kg8 35. Nh6+ Kh8 36. Bxg6 Re7) 34. Nxc6 $11 Qxc6 35. Qxf3 Qxf3+ 36. Rxf3 Re2 (36... Nxb2 $11 37. Rf6 b5) 37. Bb3 $2 (37. Bd3 $16 Re3 38. Rxe3 Nxe3 39. Re1 (39. Bxa6 Ra8 $11)) 37... b5 ({Better is} 37... Nd2 $1 $15 38. Rf6 Nxb3 39. axb3 Rxb2 40. Rxb6 Re8) 38. Rgf1 (38. Bxc4 $11 bxc4 39. Rg2) 38... Rge8 (38... Rxb2 $17 {[%cal Oc4d2] Threatens to win with ...Nd2!} 39. Kg1 Re8 40. Rf8+ Rxf8 41. Rxf8+ Kg7) 39. Bxc4 {[%emt 0:01:47] The position is equal.} bxc4 {[%emt 0:00:03][%mdl 4096] Endgame KRR-KRR} 40. R1f2 Kg7 41. Rf7+ Kh6 42. Kg2 R8e6 43. Rb7 R2e4 44. Rff7 Re2+ 45. Rf2 R2e4 {[%emt 0:00:00] Whites escaped into a draw.   Weighted Error Value: White=0.71/Black=0.60.  Loses game:     	White=1     	---        Missed win:     	---       	---        Mistake:       	White=5     	Black=6      Inaccurate:     	White=4     	Black=1      OK:         	White=9     	Black=11     Best:        	White=2     	Black=3      Strong:       	---       	---        Brilliant:      	---       	---} 1/2-1/2

[Event "DFMM-LV 2023"]
[Site "Braunfels"]
[Date "2023.06.09"]
[Round "2.27"]
[White "Anisimova, Mariya"]
[Black "Braun, Kristin"]
[Result "0-1"]
[Annotator "NA RC COMBH"]
[ECO "B76"]
[WhiteElo "1649"]
[BlackElo "1875"]
[PlyCount "88"]
[EventDate "2023.06.09"]
[EventType "team-tourn"]
[EventCountry "GER"]
[SourceTitle "playchess.com"]
[Source "ChessBase"]
[SourceQuality "1"]
[TimeControl "40/5400+30:1800+30"]

1. e4 c5 2. Nf3 d6 3. d4 cxd4 4. Nxd4 Nf6 5. Nc3 g6 6. Be3 Bg7 7. f3 O-O 8. Qd2 Nc6 9. g4 Be6 10. Nxe6 fxe6 11. O-O-O Ne5 12. Be2 Qc8 13. h4 Nfd7 14. Bh6 Nxf3 15. Bxf3 Bxc3 16. Qe3 Bg7 17. Bxg7 Kxg7 18. h5 Qc5 19. Qb3 Qg5+ 20. Kb1 Nc5 21. Qa3 Qf4 22. Bg2 Qxg4 23. hxg6 hxg6 24. Rhg1 Rf2 25. Bh1 Qf4 26. Qc3+ e5 27. Qc4 Qf7 28. Qc3 Rh8 29. Qe3 Rhh2 30. Rc1 Qf4 31. Qc3 Nxe4 32. Qd3 Nd2+ 33. Ka1 e4 34. Qd4+ Qf6 35. Qd5 Nf3 36. Bxf3 exf3 37. Qe4 b6 38. Kb1 Rfg2 39. Rgf1 f2 40. Qe3 Qg5 41. Qc3+ Qe5 42. Qf3 Rg3 43. Qd1 Rhg2 44. Qd2 Qe3 0-1

[Event "DFMM-LV 2023"]
[Site "Braunfels"]
[Date "2023.06.09"]
[Round "2.29"]
[White "Richter, Johanna"]
[Black "Ankerst, Milka"]
[Result "0-1"]
[Annotator "TA"]
[ECO "E00"]
[WhiteElo "1470"]
[BlackElo "1923"]
[PlyCount "78"]
[EventDate "2023.06.09"]
[EventType "team-tourn"]
[EventCountry "GER"]
[SourceTitle "playchess.com"]
[Source "ChessBase"]
[SourceQuality "1"]
[TimeControl "40/5400+30:1800+30"]

1. d4 Nf6 2. c4 e6 3. Nf3 Bb4+ 4. Bd2 Bxd2+ 5. Qxd2 d6 6. g3 O-O 7. Bg2 Nc6 8. Nc3 Bd7 {[%emt 0:00:00] E00: Catalan Bogo-Indian (3 g3 Bb4+).} 9. O-O {[%emt 0:01:05] [#]} Qc8 $146 ({Predecessor:} 9... e5 10. d5 Nb8 11. b4 a5 12. a3 Na6 13. Qb2 b6 14. Ne1 Nh5 15. e4 g6 16. Nd3 {1-0 Chabanon,J (2432)-Toubale,T (2206) FRA-ch Blitz 2022 (11)}) 10. a3 Rb8 {[%emt 0:00:00] White is slightly better.} 11. b4 b6 12. Rfd1 Re8 13. Qc2 e5 14. dxe5 Nxe5 15. Nxe5 Rxe5 16. Nd5 Qd8 17. Nxf6+ (17. e3 $14) 17... Qxf6 $11 18. e3 Bg4 19. Rd5 {[%emt 0:00:00][%mdl 8192] This costs White the game.} (19. Rd4 $11 Bf5 20. Qa4) 19... Rxd5 $19 {[%emt 0:00:00][%mdl 64] [#] Discovered Attack} 20. Bxd5 Qxa1+ 21. Kg2 Qe5 22. h3 Bf5 23. e4 Bd7 24. b5 Be6 {[%emt 0:00:00] aiming for ...Bxd5.} 25. Bc6 Qc5 26. Qc3 Bxc4 {[%emt 0:00:00][%cal Oc4f1] [#] Threatens to win with ...Bf1+!} 27. Qb2 d5 {[%emt 0:00:00] White must now prevent ...dxe4.} 28. exd5 Bxd5+ 29. Bxd5 Qxd5+ 30. Kh2 Rd8 31. Qe2 h6 32. h4 Rd6 {[%emt 0:00:00] ...Re6 is the strong threat.} 33. Qe8+ Kh7 {[%emt 0:00:00] ( -> ...Qf3)} 34. Qe2 {[%emt 0:00:00] Against Qf3} Rf6 {[%emt 0:00:00] ...Qf3 would be deadly.} 35. f4 Re6 {[%emt 0:00:00] Black mates.} 36. Qc2+ Kg8 37. a4 Re1 38. Kh3 Rh1+ 39. Kg4 h5# {[%emt 0:00:00] Weighted Error Value: White=0.74/Black=0.04 (flawless) .  Loses game:     	White=1     	---        Missed win:     	---       	---        Mistake:       	White=1     	---        Inaccurate:     	White=1     	---        OK:         	White=2     	Black=4      Best:        	---       	Black=1      Strong:       	---       	---        Brilliant:      	---       	---} 0-1

[Event "DFMM-LV 2023"]
[Site "Braunfels"]
[Date "2023.06.09"]
[Round "2.30"]
[White "Spiel, Marianne"]
[Black "Zemke, Christine"]
[Result "0-1"]
[Annotator "NA RC COMBH"]
[ECO "B01"]
[WhiteElo "1840"]
[BlackElo "1682"]
[PlyCount "100"]
[EventDate "2023.06.09"]
[EventType "team-tourn"]
[EventCountry "GER"]
[SourceTitle "playchess.com"]
[Source "ChessBase"]
[SourceQuality "1"]
[TimeControl "40/5400+30:1800+30"]

1. e4 d5 2. exd5 Qxd5 3. Nc3 Qa5 4. d4 c6 5. Bf4 Nf6 6. Qd2 Nd5 7. Bg3 Bf5 8. Bc4 Nxc3 9. bxc3 Nd7 10. Ne2 e6 11. O-O Be7 12. Bb3 O-O 13. f3 Rac8 14. Bf2 h6 15. Ng3 Bg6 16. Bc4 Nf6 17. Bd3 Bxd3 18. Qxd3 c5 19. Ne4 Rfd8 20. Rfd1 e5 21. Nxf6+ Bxf6 22. d5 c4 23. Qe4 b6 24. Be1 Rd6 25. a4 Rc5 26. Bh4 Bxh4 27. Qxh4 Qxc3 28. Qe4 Rdxd5 29. Re1 Rd2 30. Ra2 Rcd5 31. h3 Qd4+ 32. Qxd4 R2xd4 33. c3 Rd1 34. Rae2 f6 35. Kf2 Rxe1 36. Kxe1 Rd3 37. Rc2 Kf7 38. Ke2 Ke6 39. a5 b5 40. Ke1 Kd5 41. Ke2 Kc5 42. Rc1 a6 43. Rc2 b4 44. cxb4+ Kxb4 45. Rb2+ Rb3 46. Ra2 c3 47. Kd1 Rb1+ 48. Kc2 Rg1 49. Kd3 Kb3 50. Re2 Rd1+ 0-1

[Event "DFMM-LV 2023"]
[Site "Braunfels"]
[Date "2023.06.09"]
[Round "2.32"]
[White "Albayrak, Aylin"]
[Black "Perovic-Ottstadt, Sanja"]
[Result "1-0"]
[Annotator "NA RC COMBH"]
[ECO "D35"]
[WhiteElo "1690"]
[BlackElo "1443"]
[PlyCount "49"]
[EventDate "2023.06.09"]
[EventType "team-tourn"]
[EventCountry "GER"]
[SourceTitle "playchess.com"]
[Source "ChessBase"]
[SourceQuality "1"]
[TimeControl "40/5400+30:1800+30"]

1. d4 e6 2. c4 d5 3. Nf3 Nf6 4. Nc3 Be7 5. cxd5 exd5 6. h3 c6 7. Bf4 O-O 8. e3 Bf5 9. g4 Bg6 10. Ne5 Nbd7 11. Nxg6 hxg6 12. Bd3 Re8 13. Qc2 Bb4 14. O-O-O Nf8 15. Ne2 Ne6 16. Bh2 Nd7 17. h4 Qxh4 18. Bg3 Qd8 19. Rh2 Kf8 20. a3 Ba5 21. Bd6+ Kg8 22. Rdh1 f5 23. gxf5 gxf5 24. Bxf5 Qf6 25. Bg6 1-0

[Event "DFMM-LV 2023"]
[Site "Braunfels"]
[Date "2023.06.09"]
[Round "2.33"]
[White "Rath, Alina"]
[Black "Wagner, Margarethe"]
[Result "1/2-1/2"]
[Annotator "TA"]
[ECO "A14"]
[WhiteElo "2051"]
[BlackElo "1831"]
[PlyCount "61"]
[EventDate "2023.06.09"]
[EventType "team-tourn"]
[EventCountry "GER"]
[SourceTitle "playchess.com"]
[Source "ChessBase"]
[SourceQuality "1"]
[TimeControl "40/5400+30:1800+30"]

1. c4 e6 2. g3 d5 3. Bg2 Nf6 4. Nf3 Be7 5. O-O O-O 6. b3 c5 7. Bb2 {[%emt 0:00:00] 7.cxd5 gains popularity.} d4 8. e3 Nc6 9. d3 {[%emt 0:00:00] A14: English Opening: 1...e6 with b3 by White.} Rb8 10. Re1 {[%emt 0:00:00] [#]} a6 $146 ({Predecessor:} 10... e5 11. exd4 exd4 12. Ne5 Nxe5 13. Rxe5 Bd6 14. Re1 Bf5 15. Na3 a6 16. Nc2 Qd7 17. b4 b6 18. a3 Bh3 19. Qf3 Bxg2 20. Qxg2 Qf5 21. Rad1 h6 {½-½ Schermer,A-Wagenaar,J Haarlem ACCOM op2 1987 (6)}) 11. Na3 Bd6 12. Qd2 Re8 13. exd4 cxd4 {[%emt 0:00:00] Threatening ...Bb4.} 14. Nc2 {[%emt 0:00:00] Wards off Bb4} e5 15. b4 b6 16. a4 a5 17. Ba3 Bb7 ({Black should try} 17... axb4 $11 18. Nxb4 Na5) 18. Rab1 (18. b5 $14) 18... axb4 $15 19. Nxb4 Nxb4 20. Bxb4 Bxb4 (20... Bc7 $5) 21. Qxb4 Nd7 22. Red1 Bxf3 (22... Qf6 $15 23. Ne1 Bxg2 24. Nxg2 Qf5) 23. Bxf3 $14 Qc7 {[%emt 0:00:00] Wards off Bc6. Black is weak on the light squares} 24. Ra1 g6 25. Qb5 Nc5 26. Bd5 Kf8 27. f3 (27. a5 $11) 27... Re7 28. Ra3 {[%emt 0:00:00] The position is equal.} Qd7 29. Qxd7 Rxd7 30. Rb1 Ra7 31. Bc6 {[%emt 0:01:18] Weighted Error Value: White=0.21 (precise) /Black=0.27 (precise)} (31. a5 $1 $11) 1/2-1/2

[Event "DFMM-LV 2023"]
[Site "Braunfels"]
[Date "2023.06.09"]
[Round "2.34"]
[White "Albayrak, Nese Pinar"]
[Black "Skogvall, Martina"]
[Result "1/2-1/2"]
[Annotator "TA"]
[ECO "C07"]
[WhiteElo "1763"]
[BlackElo "1979"]
[PlyCount "90"]
[EventDate "2023.06.09"]
[EventType "team-tourn"]
[EventCountry "GER"]
[SourceTitle "playchess.com"]
[Source "ChessBase"]
[SourceQuality "1"]
[TimeControl "40/5400+30:1800+30"]

1. e4 e6 2. d4 d5 3. Nd2 c5 4. exd5 Qxd5 5. Ngf3 Nf6 6. Bc4 Qd6 7. Nb3 cxd4 8. O-O Nc6 9. Nbxd4 Nxd4 10. Nxd4 a6 11. Bg5 {[%emt 0:05:47] C07: French Tarrasch: 3...c5, 4 Ngf3 and 4 exd5 Qxd5.} Qc5 12. Bxf6 {[%emt 0:05:32] [#] Black must now prevent Nb3.} Qxc4 13. Bh4 {[%emt 0:13:14] [#]} ({But not} 13. Nc6 $2 Qd5 14. Qxd5 exd5 15. Rae1+ Be6 $19) 13... Bd7 $146 (13... f6 $11 {was preferrable.}) ({Predecessor:} 13... Bc5 14. c3 O-O 15. Qh5 f6 16. b3 Qxc3 17. Rac1 Qxd4 18. Rfd1 Qb4 19. Rxc5 g6 20. a3 Qb6 21. Bxf6 gxh5 22. Rg5+ Kf7 23. Bd4 Qxb3 24. Rg7+ Ke8 {0-1 Tompa,J (2387)-Deak,F (2259) Zalakaros op 29th 2010 (4)}) 14. Qd2 (14. c3 $14) 14... Bc5 15. Rad1 {[%emt 0:20:58][%cal Od4b3] Threatens to win with Nb3!} O-O (15... Qxa2 $2 16. Nb3 O-O 17. Qxd7 $18) (15... f6 {simplifies} 16. b3 Qxd4 17. Qxd4 Bxd4 18. Rxd4 e5) 16. b3 Qd5 17. Qf4 (17. c4 $11 {remains equal.} Qh5 18. Bg3) 17... e5 (17... f6 $17 18. c4 e5 19. cxd5 exf4) 18. Nf5 (18. Qf3 $11 Bc6 19. Nxc6 Qxf3 20. gxf3 bxc6 21. Bg5) 18... Qe6 $15 19. Qd2 Qxf5 (19... Bb5 $15 20. c4 Qxf5 21. cxb5 axb5) 20. Qxd7 $11 Qe4 ({Don't take} 20... Qxc2 21. Rc1 (21. Qxb7 Qxa2 22. Rc1 Rab8 $17) 21... Qe4 22. Rxc5 $14) 21. Bg3 Bd4 22. Rde1 Qxc2 23. Bxe5 Bxe5 24. Rxe5 b5 25. a4 Rad8 (25... Rfd8 $5 26. Qf5 Qxb3 27. axb5 g6 $15) 26. Qf5 {[%emt 0:00:52] The position is equal.} Qxf5 27. Rxf5 bxa4 28. bxa4 {[%emt 0:00:02][%mdl 4096] Endgame KRR-KRR} Rd6 29. Rc1 g6 30. Rfc5 Rfd8 {[%emt 0:00:15] [#] ( -> ...Rd1+)} 31. Kf1 Kf8 32. Rc6 Ke7 33. Rxd6 Rxd6 {[%emt 0:00:03] KR-KR} 34. Rc7+ Ke6 35. Ke2 h5 36. Ke3 Rb6 37. Rc5 Kd6 38. Ra5 Kc6 39. Kd4 Kd6 40. Rd5+ Kc6 41. Ra5 Rb4+ 42. Kc3 Rb6 43. Kd4 Kb7 44. Kc3 Rf6 45. f3 Kb6 {[%emt 0:00:30] Weighted Error Value: White=0.18 (very precise) /Black=0.12 (very precise)} 1/2-1/2

[Event "DFMM-LV 2023"]
[Site "Braunfels"]
[Date "2023.06.09"]
[Round "2.35"]
[White "Bazzazi, Elnaz"]
[Black "Albayrak, Berrak"]
[Result "1/2-1/2"]
[Annotator "NA RC COMBH"]
[ECO "B09"]
[WhiteElo "1827"]
[BlackElo "1664"]
[PlyCount "35"]
[EventDate "2023.06.09"]
[EventType "team-tourn"]
[EventCountry "GER"]
[SourceTitle "playchess.com"]
[Source "ChessBase"]
[SourceQuality "1"]
[TimeControl "40/5400+30:1800+30"]

1. e4 d6 2. d4 Nf6 3. Nc3 g6 4. f4 Bg7 5. e5 Nfd7 6. Nf3 c5 7. e6 fxe6 8. Ng5 Nf6 9. dxc5 Nc6 10. Bc4 d5 11. Bd3 Qa5 12. Bb5 h6 13. Nf3 Ne4 14. Bxc6+ bxc6 15. Ne5 Nxc3 16. Qd2 Qxc5 17. bxc3 Ba6 18. Qd1 1/2-1/2